 Dungeon Crawl Stone Soup version 0.25.1-2-g60ff931df9 (webtiles) character file.

Game seed: 2941035045173443815

2938 Delamore the Basher (level 9, -1/51 HPs)
             Began as a Gargoyle Fighter on Aug 26, 2020.
             Was a Follower of Okawaru.
             Slain by a death yak (15 damage)
             ... on level 8 of the Dungeon.
             The game lasted 00:07:35 (7469 turns).

Delamore the Basher (Gargoyle Fighter)              Turns: 7469, Time: 00:07:35

Health: -1/51      AC: 28    Str: 23    XL:     9   Next: 80%
Magic:  9/9        EV:  7    Int:  9    God:    Okawaru [*.....]
Gold:   560        SH:  9    Dex:  9    Spells: 8/8 levels left

rFire    . . .     SeeInvis .   w - +2 flail (protect)
rCold    . . .     Gourm    .   c - +0 kite shield
rNeg     + + .     Faith    +   e - +0 pearl dragon scales
rPois    ∞         Spirit   .   v - +0 helmet
rElec    +         Reflect  .   r - +0 cloak
rCorr    .         Harm     .   G - +0 pair of gloves
MR       .....                  (no boots)
Stlth    ..........             l - amulet of faith
HPRegen  0.17/turn              (no ring)
MPRegen  0.11/turn              (no ring)

@: protection aura
A: negative energy resistance 1, electricity resistance, unbreathing,
petrification resistance, rot immunity, AC +6
a: Heroism, Renounce Religion


You were on level 8 of the Dungeon.
You worshipped Okawaru.
Okawaru was aware of your devotion.
You were not hungry.

You visited 2 branches of the dungeon, and saw 9 of its levels.
You also visited: Ossuary.

You collected 560 gold pieces.

Inventory:

Hand Weapons
 w - a +2 flail of protection (weapon)
Armour
 c - a +0 kite shield (worn)
 e - +0 pearl dragon scales (worn)
 r - a +0 cloak (worn)
 v - a +0 helmet (worn)
 G - a +0 pair of gloves (worn)
Jewellery
 l - an amulet of faith (around neck)
 D - an uncursed amulet of reflection
Wands
 q - a wand of acid (7)
 t - a wand of enslavement (10)
 y - a wand of flame (10)
Scrolls
 a - a scroll of acquirement {unknown}
 b - 2 scrolls of fog
 h - a scroll of magic mapping {unknown}
 j - 2 scrolls of enchant weapon
 n - a scroll of amnesia {unknown}
 o - a scroll of noise
 p - 3 scrolls of teleportation
 u - 3 scrolls of remove curse
 A - a scroll of enchant armour
 C - 3 scrolls of summoning
 E - a scroll of fear {unknown}
 F - a scroll of identify
Potions
 d - 3 potions of might
 g - 3 potions of curing
 i - 3 potions of flight
 k - 3 potions of heal wounds {unknown}
 m - 4 potions of brilliance {unknown}
 s - 3 potions of magic {unknown}
 x - a potion of haste {unknown}
 z - a potion of lignification {unknown}
 B - 5 potions of stabbing {unknown}
Comestibles
 f - 3 rations
 H - 6 chunks of flesh


   Skills:
 - Level 3.2 Fighting
 + Level 12.9 Maces & Flails
 - Level 3.2 Armour
 - Level 3.2 Shields


You had 8 spell levels left.
You didn't know any spells.
Your spell library contained the following spells:

 Spells                   Type           Power        Failure   Level  Hunger
 Beastly Appendage        Tmut           #.....       99%         1    ##.....
 Summon Small Mammal      Summ           #...         99%         1    ##.....
 Call Imp                 Summ           #.......     100%        2    ###....
 Sticks to Snakes         Tmut           #.......     100%        2    ###....
 Call Canine Familiar     Summ           #.......     100%        3    ####...
 Spider Form              Tmut/Pois      #.........   100%        3    ####...
 Summon Guardian Golem    Hex/Summ       #.......     100%        3    ####...
 Ice Form                 Ice/Tmut       #.......     100%        4    #####..
 Summon Ice Beast         Ice/Summ       #.......     100%        4    #####..
 Summon Lightning Spire   Summ/Air       #.......     100%        4    #####..
 Blade Hands              Tmut           #.........   100%        5    ######.


Dungeon Overview and Level Annotations

Branches:
Dungeon (8/15)             Temple (1/1) D:5         Ossuary (visited)
   Lair: D:8-11

Altars:
Ashenzari
Cheibriados
Dithmenos
Fedhas
Gozag
Hepliaklqana
Kikubaaqudgha
Makhleb
Nemelex Xobeh
Okawaru
Ru
Sif Muna
Trog
Uskayaw
Vehumet
Wu Jian
Xom
Yredelemnul
Zin
The Shining One

Shops:
D:6 *

Annotations:
D:7 2 transporters, Acheron's ghost, amateur DsAK


Innate Abilities, Weirdness & Mutations

You are resistant to torment.
Your stone body is resilient. (AC +6)
You are immune to poison.
You resist negative energy. (rN+)
You are resistant to electric shocks. (rElec)
You can survive without breathing.
You are immune to petrification.
You are immune to rotting.


Message History

You thump the death yak!
The death yak is moderately wounded.
The death yak gores you.
You barely miss the death yak.
The death yak is moderately wounded.
The death yak barely misses you.
You hit the death yak.
The death yak is heavily wounded.
You block the death yak's attack.
You thump the death yak!
The death yak is heavily wounded.
The death yak gores you.
* * * LOW HITPOINT WARNING * * *
You hit the death yak but do no damage.
The death yak is heavily wounded.
You block the death yak's attack.
You sock the death yak!
The death yak is heavily wounded.
The death yak gores you!
You die...

........+ ...)....# ..
........# .. ........#
.## ........# ..#
######### #.# #.##
##################..#
................@Y..#
#######....########.##
# ####........#..# .#
#........#..#..#
#........#..Y..#
#.########.#...Y...
#.########.#..Y....
#.......##'##..<...
#..............#...


You could see a death yak.

Vanquished Creatures
  Joseph (D:7)
  Sigmund (D:3)
  A wyvern (D:8)
  A water moccasin (D:6)
  2 orc warriors (D:6)
  An ice beast (D:5)
  A phantom (D:4)
  3 sky beasts
  An ogre (D:8)
  3 bullfrogs
  A gnoll sergeant (D:8)
  A wyvern skeleton (D:8)
  2 scorpions
  3 wights (D:6)
  A howler monkey (D:5)
  A crimson imp (D:8)
  A centaur skeleton (D:6)
  3 hounds
  An orc priest (D:3)
  Crazy Yiuf (D:4)
  A jelly (D:5)
  An orc wizard (D:6)
  2 iguanas
  A bullfrog skeleton (D:5)
  3 worker ants
  2 hound zombies
  10 mummies
  A worker ant zombie (D:5)
  Robin (D:4)
  6 adders
  15 gnolls
  2 shadow imps
  An ooze (D:4)
  2 adder skeletons
  An adder zombie (D:7)
  2 worms
  2 dart slugs (D:1)
  6 leopard geckos
  11 orcs
  6 bats
  4 giant cockroaches
  12 goblins
  14 hobgoblins
  14 jackals
  7 kobolds
  2 quokkas
  4 ball pythons
  4 frilled lizards
  A giant cockroach zombie (D:6)
  2 hobgoblin zombies
  A jackal zombie (D:5)
  5 kobold zombies
  A leopard gecko skeleton (D:5)
  5 orc zombies
  A quokka skeleton (D:6)
  8 rats
191 creatures vanquished.

Notes
Turn   | Place    | Note
-------+----------+-------------------------------------------
     0 | D:1      | Delamore the Gargoyle Fighter began the quest for the Orb.
     0 | D:1      | Reached XP level 1. HP: 14/14 MP: 1/1
     6 | D:1      | Noticed a five-headed hydra
     6 | D:1      | Noticed a polar bear
     7 | D:1      | Noticed a black mamba
     7 | D:1      | Noticed a komodo dragon
    81 | D:1      | Reached XP level 2. HP: 19/19 MP: 2/2
   465 | D:1      | Reached skill level 3 in Maces & Flails
   700 | D:2      | Reached XP level 3. HP: 22/23 MP: 3/3
  1111 | D:2      | Found a radiant altar of Vehumet.
  1362 | D:2      | Reached skill level 4 in Maces & Flails
  1368 | D:2      | Reached XP level 4. HP: 28/28 MP: 4/4
  2207 | D:3      | Reached skill level 5 in Maces & Flails
  2207 | D:3      | Reached XP level 5. HP: 29/32 MP: 5/5
  2783 | D:3      | Noticed Sigmund
  2803 | D:3      | Killed Sigmund
  2803 | D:3      | Reached skill level 6 in Maces & Flails
  2803 | D:3      | Reached XP level 6. HP: 37/37 MP: 6/6
  3082 | D:4      | Reached skill level 7 in Maces & Flails
  3157 | D:4      | Reached XP level 7. HP: 41/41 MP: 7/7
  3533 | D:4      | Reached skill level 8 in Maces & Flails
  3594 | D:4      | Noticed Robin
  3610 | D:4      | Killed Robin
  3832 | D:4      | Found a runed translucent door.
  3833 | D:4      | Noticed Crazy Yiuf
  3944 | D:4      | Killed Crazy Yiuf
  4015 | D:5      | Entered Level 5 of the Dungeon
  4160 | D:5      | Reached skill level 9 in Maces & Flails
  4160 | D:5      | Reached XP level 8. HP: 45/46 MP: 8/8
  4525 | D:5      | Found a staircase to the Ecumenical Temple.
  4624 | Temple   | Entered the Ecumenical Temple
  5265 | D:6      | Reached skill level 10 in Maces & Flails
  5403 | D:6      | Found a sand-covered staircase.
  5411 | Ossuary  | Entered an ossuary
  5953 | D:6      | Reached skill level 11 in Maces & Flails
  6025 | D:6      | Found Kyagin's Serpentskin Sales.
  6030 | D:6      | Reached XP level 9. HP: 49/51 MP: 9/9
  6516 | D:7      | Noticed Acheron's ghost (amateur DsAK)
  6517 | D:7      | Found a transporter.
  6517 | D:7      | Noticed a two-headed ogre
  6532 | D:7      | Found a transporter.
  6538 | D:7      | Noticed Joseph
  6551 | D:7      | Killed Joseph
  6551 | D:7      | Reached skill level 12 in Maces & Flails
  6631 | D:7      | Found an iron altar of Okawaru.
  6644 | D:7      | Became a worshipper of Warmaster Okawaru
  7442 | D:8      | Noticed a death yak
  7442 | D:8      | Noticed a death yak
  7453 | D:8      | Reached * piety under Okawaru
  7469 | D:8      | Slain by a death yak

Illustrated notes

Levels and vault maps discovered:
D:1:      onia_arrival_zoo_common, layout_basic, chequers_serial_rivers_room_a,
          st_stairs_2, grunt_decor_arrowhead
D:2:      layout_loops_corners, lemuel_crystal_altar, minmay_bisected
D:3:      layout_basic, uniq_sigmund
D:4:      layout_loops_ring, uniq_crazy_yiuf_cottage, uniq_robin
D:5:      layout_loops_ring, temple_hall, first_ration, minmay_mini_ossuary
D:6:      layout_cave_pods, gup_ossuary_entry_pyramid,
          chequers_serial_rivers_room_b, guppyfry_shop_venom
D:7:      layout_loops_ring, lemuel_doored_altar, gammafunk_ghost_smash,
          uniq_joseph
D:8:      layout_basic, elyvilon_altar_5, nicolae_qazlal_eye_of_the_storm,
          dpeg_lair_monsters, serial_shops, kennysheep_mini
Temple:   dpeg_five_rooms_temple

Skill      XL: |  1  2  3  4  5  6  7  8  9 |
---------------+----------------------------+-----
Maces & Flails | 3 4 5 6 7 9 11 12 | 12.9
Fighting       | |  3.2
Armour         | |  3.2
Shields        | |  3.2

Action                   |  1- 3 |  4- 6 |  7- 9 || total
-------------------------+-------+-------+-------++-------
Melee: Flail             |   119 |   206 |   521 ||   846
  Use: Scroll            |       |       |     9 ||     9
  Eat: Chunk             |     2 |     6 |    11 ||    19
       Ration            |       |       |     1 ||     1
Armor: Scale mail        |    12 |       |       ||    12
       Pearl dragon scal |    83 |   159 |   322 ||   564
Dodge: Dodged            |    54 |    84 |   147 ||   285
Block: Kite shield       |    72 |   110 |   224 ||   406
       Reflection        |       |       |     4 ||     4
